 Dungeon Crawl Stone Soup version 0.24-a0-513-g284f782df5 (webtiles) character file.

Game seed: 16600514794089008606

126093 nikopol the Sorcerer (level 16, 0/82 HPs)
             Began as a Deep Elf Fire Elementalist on July 20, 2019.
             Was the Champion of Vehumet.
             Succumbed to a merfolk impaler's poison
             ... on level 3 of the Shoals.
             The game lasted 02:13:16 (29129 turns).

nikopol the Sorcerer (Deep Elf Fire Elementalist)  Turns: 29129, Time: 02:13:17

Health: 0/82       AC: 12    Str:  8    XL:     16   Next: 43%
Magic:  30/43      EV: 16    Int: 33    God:    Vehumet [******]
Gold:   1471       SH:  0    Dex: 17    Spells: 11/57 levels left

rFire    + . .     SeeInvis +   u - +6 dagger of the Skies Above {flame, rPois Dex+5 SInv}
rCold    x . .     Gourm    .   (no shield)
rNeg     + . .     Faith    .   I - +2 robe {rN+}
rPois    +         Spirit   .   A - +1 helmet
rElec    +         Reflect  .   l - +0 cloak
rCorr    .         Harm     .   H - +1 pair of gloves
MR       +....                  M - +2 pair of boots {run}
Stlth    +++.......             K - amulet of magic regeneration
HPRegen  0.23/turn              r - ring "Reohealopo" {Fire +Inv Str+3}
MPRegen  0.53/turn              a - ring of Brilliance {+Inv rElec rPois Int+5 Dex-3}

@: lethally poisoned (0 -> -5), quick
A: no striking features
a: Renounce Religion, Evoke Invisibility


You were on level 3 of the Shoals.
You worshipped Vehumet.
Vehumet was exalted by your worship.
You were not hungry.

You visited 5 branches of the dungeon, and saw 28 of its levels.

You collected 2895 gold pieces.
You spent 1424 gold pieces at shops.

Inventory:

Hand Weapons
 u - the +6 dagger of the Skies Above (weapon) {flame, rPois Dex+5 SInv}
   (You found it on level 4 of the Dungeon)

   It has been specially enchanted to burn those struck by it, causing extra
   injury to most foes and up to half again as much damage against particularly
   susceptible opponents.
   It affects your dexterity (+5).
   It protects you from poison.
   It lets you see invisible.
Armour
 l - a +0 cloak (worn)
 A - a +1 helmet (worn)
 H - a +1 pair of gloves (worn)
 I - a +2 robe of positive energy (worn)
 M - a +2 pair of boots of running (worn)
Jewellery
 a - the ring of Brilliance (right hand) {+Inv rElec rPois Int+5 Dex-3}
   (You bought it in a shop on level 12 of the Dungeon)

   [ring of poison resistance]

   It affects your intelligence (+5).
   It affects your dexterity (-3).
   It insulates you from electricity.
   It protects you from poison.
   It lets you turn invisible.
 p - an uncursed ring of flight
 r - the ring "Reohealopo" (left hand) {Fire +Inv Str+3}
   (You found it on level 11 of the Dungeon)

   [ring of fire]

   It enhances your fire magic.
   It affects your strength (+3).
   It protects you from fire.
   It makes you vulnerable to cold.
   It lets you turn invisible.
 v - an uncursed ring of positive energy
 z - an uncursed ring of protection from fire
 E - an uncursed ring of resist corrosion
 K - an amulet of magic regeneration (around neck)
 W - an uncursed ring of see invisible
Wands
 e - a wand of flame (42)
 t - a wand of polymorph (26)
 y - a wand of digging (4)
 N - a wand of enslavement (4)
 Q - a wand of disintegration (11)
 X - a wand of paralysis (11)
 Y - a wand of acid (31)
Scrolls
 b - a scroll of brand weapon
 d - 14 scrolls of remove curse
 f - 4 scrolls of blinking
 g - 5 scrolls of teleportation
 o - 4 scrolls of enchant armour
 x - 3 scrolls of fog
 B - 4 scrolls of immolation
 D - 4 scrolls of identify
 F - 3 scrolls of enchant weapon
 G - 4 scrolls of vulnerability
 P - 4 scrolls of amnesia
 T - 6 scrolls of magic mapping
 V - 4 scrolls of fear
Potions
 h - 2 potions of ambrosia
 i - 6 potions of brilliance
 j - 3 potions of might
 k - 4 potions of lignification
 m - a potion of cancellation
 n - 10 potions of curing
 q - 2 potions of magic
 w - 3 potions of agility
 C - a potion of berserk rage
 J - 8 potions of flight
 L - 2 potions of degeneration
 O - 4 potions of haste
 R - 2 potions of resistance
 S - 3 potions of heal wounds
 U - a potion of invisibility
Comestibles
 c - 40 rations
 s - 4 chunks of flesh


   Skills:
 + Level 2.8 Fighting
 + Level 6.4 Dodging
 + Level 6.5 Stealth
 + Level 21.1 Spellcasting
 + Level 15.9 Conjurations
 + Level 0.1 Translocations
 + Level 16.6 Fire Magic
 + Level 1.9 Ice Magic
 + Level 8.7 Earth Magic


You had 11 spell levels left.
You knew the following spells:

 Your Spells              Type           Power        Failure   Level  Hunger
a - Flame Tongue          Conj/Fire      #####        0%          1    None
b - Throw Flame           Conj/Fire      ######       0%          2    None
c - Conjure Flame         Conj/Fire      ########     0%          3    None
d - Sticky Flame          Conj/Fire      ########     0%          4    None
e - Fireball              Conj/Fire      ########..   1%          5    None
f - Throw Icicle          Conj/Ice       #######.     1%          4    None
g - Bolt of Magma         Conj/Fire/Erth ########..   1%          5    None
h - Bolt of Fire          Conj/Fire      ########..   1%          6    None
i - Ignition              Fire           ########..   1%          8    ####...
j - Iron Shot             Conj/Erth      #######...   1%          6    None
k - Blink                 Tloc           N/A          1%          2    None

Your spell library contained the following spells:

 Spells                   Type           Power        Failure   Level  Hunger
 Poison Arrow             Conj/Pois      ######....   1%          6    None
 Magic Dart               Conj           ####         0%          1    None
 Searing Ray              Conj           ######       0%          2    None
 Iskenderun's Mystic Bla  Conj           #######.     0%          4    None
 Animate Skeleton         Necr           N/A          1%          1    None
 Apportation              Tloc           #####.       1%          1    None
 Beastly Appendage        Tmut           ####..       1%          1    None
 Confusing Touch          Hex            ####..       1%          1    None
 Corona                   Hex            ####...      1%          1    None
 Freeze                   Ice            ####         1%          1    None
 Shock                    Conj/Air       ####         1%          1    None
 Sting                    Conj/Pois      ####         1%          1    None
 Summon Small Mammal      Summ           ####         1%          1    None
 Call Imp                 Summ           ####....     1%          2    None
 Ensorcelled Hibernation  Hex/Ice        #####.       1%          2    None
 Poisonous Vapours        Pois/Air       ####..       1%          2    None
 Slow                     Hex            ####....     1%          2    None
 Sticks to Snakes         Tmut           ####....     1%          2    None
 Swiftness                Chrm/Air       ####....     1%          2    None
 Throw Frost              Conj/Ice       ######       1%          2    None
 Dazzling Spray           Conj/Hex       ######       1%          3    None
 Ignite Poison            Fire/Tmut/Pois #######.     1%          3    None
 Inner Flame              Hex/Fire       #######.     1%          3    None
 Mephitic Cloud           Conj/Pois/Air  ######..     1%          3    None
 Ozocubu's Armour         Chrm/Ice       #####...     1%          3    None
 Static Discharge         Conj/Air       ######..     1%          3    None
 Force Lance              Conj/Tloc      ######..     1%          4    None
 Fulminant Prism          Conj/Hex       ######....   1%          4    None
 Lightning Bolt           Conj/Air       ######....   1%          5    None
 Venom Bolt               Conj/Pois      ######....   1%          5    None
 Confuse                  Hex            ####....     2%          3    None
 Spider Form              Tmut/Pois      ####......   2%          3    None
 Tukima's Dance           Hex            ####....     2%          3    None
 Airstrike                Air            ####......   2%          4    None
 Olgreb's Toxic Radiance  Pois           ####....     2%          4    None
 Freezing Cloud           Conj/Ice/Air   ######....   3%          6    None
 Ice Form                 Ice/Tmut       #####...     6%          4    None
 Summon Ice Beast         Ice/Summ       #####...     6%          4    None
 Blade Hands              Tmut           ####......   26%         5    None
 Ring of Flames           Chrm/Fire      #######...   26%         7    #......


Dungeon Overview and Level Annotations

Branches:
Dungeon (15/15)            Temple (1/1) D:7            Lair (6/6) D:11
 Shoals (4/4) Lair:3       Spider (0/4) Lair:3        Slime (0/5) Lair:6
    Orc (2/2) D:12            Elf (0/3) Orc:2        Vaults (0/5) D:14
 Depths (0/5) D:15

Altars:
Ashenzari
Cheibriados
Elyvilon
Fedhas
Gozag
Hepliaklqana
Kikubaaqudgha
Makhleb
Nemelex Xobeh
Okawaru
Qazlal
Ru
Sif Muna
Trog
Uskayaw
Vehumet
Wu Jian
Xom
Yredelemnul
Zin
The Shining One
Beogh
Jiyva

Shops:
D:8 }   D:12 *   D:14 [   Orc:2 ([%(   Shoals:1 [[:?

Portals:
Trove: D:12 (give horn of Geryon)

Annotations:
D:3 1 runed translucent door, KristoblXynda's ghost, amateur TrWz
D:11 2 transporters


Message History

A merfolk aquamancer comes into view.
It is wielding a +1 rapier of electrocution.
A wind drake comes into view.
A manticore, a merfolk javelineer and a water nymph come into view.
The merfolk javelineer is wielding a +1 spear of venom.
A merfolk aquamancer comes into view. It is wielding a +0 rapier.
The merfolk javelineer moves out of view.
The water nymph moves out of view.
A merfolk comes into view. It is wielding a +0 trident.
A merfolk impaler comes into view.
It is wielding a +5 demon trident of venom.
The merfolk throws a silver boomerang.
The silver boomerang hits you!!
The weapon returns to the merfolk!
The sentinel's mark upon you fades away.
A merfolk comes into view. It is wielding a +0 trident.
The merfolk throws a silver boomerang.
The silver boomerang hits you.
There is a stone staircase leading up here.
The merfolk impaler hits you from afar with a +5 demon trident of venom!!
* * * LOW HITPOINT WARNING * * *
You are lethally poisoned!
You climb upwards.
You die...

.###..≈≈≈≈≈≈≈≈..##<.≈PP≈≈≈≈≈≈≈≈≈≈
.# #..≈≈≈≈≈≈≈.######.≈P≈≈≈≈≈≈≈≈≈≈
.###..≈≈≈≈≈≈≈.# #.≈≈≈≈≈≈≈≈≈≈≈≈
###.≈≈≈≈≈≈≈≈≈.# ##P≈≈≈≈≈≈≈≈≈≈≈≈ #
#.≈≈≈≈≈≈≈≈≈.## #P.≈≈≈≈≈≈≈≈
##.≈≈≈≈≈≈≈≈..# ##.≈≈≈≈≈≈≈≈≈
#.≈≈≈≈..≈≈..###..≈≈≈≈≈≈≈≈≈
##.≈≈≈≈..≈≈......≈≈≈≈≈≈≈≈≈≈
##...≈≈≈..≈≈≈≈.@.≈≈≈≈≈≈≈≈≈≈≈
#....≈≈≈....≈≈≈≈≈≈≈≈≈≈≈≈≈≈≈≈
####.>......≈≈≈≈≈≈≈≈≈≈≈≈≈≈≈≈
####...#..≈≈≈≈≈≈≈≈≈≈≈≈≈≈
#.)......≈≈≈≈≈≈≈≈≈≈≈≈
#.....≈..≈≈≈≈≈≈≈≈≈≈≈≈ ##
##.###....≈≈..≈≈≈≈≈≈≈ .#####
#..###....≈≈≈≈≈≈≈≈≈≈≈
.....###...##..≈.≈≈≈≈≈≈≈≈≈≈≈


There were no monsters in sight!

Vanquished Creatures
  Rupert (Lair:5)
  An orc warlord (Orc:2)
  Nessos (D:15)
  2 merfolk javelineers (Shoals:3)
  2 merfolk impalers
  An ogre mage (D:15)
  Harold (D:8)
  2 vault guards (D:14)
  9 hydras
  2 centaur warriors
  2 merfolk aquamancers (Shoals:3)
  An alligator snapping turtle (Shoals:2)
  4 merfolk avatars
  A two-headed ogre (shapeshifter) (D:13)
  9 two-headed ogres
  A death knight (D:15)
  A satyr (Shoals:2)
  A tengu warrior (D:15)
  8 death yaks
  Sonja (D:12)
  A deep elf knight (D:13)
  A skeletal warrior (D:15)
  6 unseen horrors
  7 sea snakes
  2 wizards (D:15)
  2 orc knights
  15 harpies
  A necromancer (D:15)
  12 ugly things
  3 orc sorcerers
  7 cyclopes
  5 manticores
  13 fauns
  5 slime creatures
  Maurice (D:8)
  5 merfolk sirens
  A naga mage (D:15)
  3 black mambas
  4 water nymphs
  12 elephants
  A gargoyle (D:13)
  Psyche (D:8)
  6 komodo dragons
  10 spiny frogs
  3 rime drakes (Lair:6)
  2 efreet (D:15)
  A kobold demonologist (D:15)
  20 merfolk
  9 polar bears
  3 hornets
  A wind drake (Shoals:2)
  5 trolls
  7 hippogriffs
  8 blink frogs
  A harpy skeleton (D:15)
  4 dream sheep (Shoals:4)
  7 snapping turtles
  Sigmund (D:2)
  10 humans (D:14)
  A shadow (D:13)
  A vampire (D:12)
  A redback (Lair:3)
  11 water elementals
  2 wraiths
  3 wyverns
  40 yaks
  3 basilisks
  2 hungry ghosts
  5 vampire mosquitoes
  6 wargs
  4 soldier ants
  10 water moccasins
  2 acid dragons (D:13)
  10 porcupines
  36 orc warriors
  A hornet zombie (D:15)
  2 sky beasts
  4 black bears
  5 ice beasts
  An eye of draining (D:12)
  3 phantoms
  A necrophage (D:10)
  7 wolves
  2 centaurs
  11 crocodiles
  8 ogres
  2 big kobolds
  16 bullfrogs
  2 scorpions
  6 killer bees (D:12)
  9 wights
  4 howler monkeys
  3 centaur zombies
  2 bullfrog zombies
  8 crimson imps
  A quasit (D:5)
  9 hounds
  6 jellies
  2 bullfrog skeletons
  21 orc priests
  7 centaur skeletons
  Ijyb (D:3)
  4 iguanas
  36 orc wizards
  Natasha (D:3)
  15 worker ants
  2 hound skeletons
  2 worker ant zombies
  Robin (D:4)
  3 gnolls (D:4)
  18 adders
  2 howler monkey skeletons
  2 shadow imps
  3 oozes
  4 adder skeletons
  6 worms
  3 dart slugs
  4 leopard geckos
  102 orcs
  4 bats
  5 giant cockroaches
  17 goblins
  15 hobgoblins
  6 jackals
  13 kobolds
  6 quokkas
  10 frilled lizards
  A leopard gecko skeleton (D:5)
  A leopard gecko zombie (D:9)
  4 rats
  3 fungi
  11 plants
842 creatures vanquished.

Vanquished Creatures (others)
  56 fungi
  27 plants
  5 toadstools (D:4)
88 creatures vanquished.

Grand Total: 930 creatures vanquished

Notes
Turn   | Place    | Note
-------+----------+-------------------------------------------
     0 | D:1      | nikopol the Deep Elf Fire Elementalist began the quest for
                  | the Orb.
     0 | D:1      | Reached XP level 1. HP: 10/10 MP: 6/6
   342 | D:1      | Reached XP level 2. HP: 15/15 MP: 5/8
   873 | D:2      | Reached XP level 3. HP: 16/19 MP: 5/9
   954 | D:2      | Reached XP level 4. HP: 19/24 MP: 4/11
  1224 | D:2      | Reached skill level 4 in Spellcasting
  1259 | D:2      | Noticed Sigmund
  1265 | D:2      | Killed Sigmund
  1265 | D:2      | Reached skill level 5 in Spellcasting
  1265 | D:2      | Reached XP level 5. HP: 15/28 MP: 6/14
  1265 | D:2      | Reached XP level 6. HP: 17/32 MP: 6/16
  1584 | D:2      | Found a snail-covered altar of Cheibriados.
  1606 | D:2      | Found a bloodstained altar of Trog.
  1611 | D:2      | Found a shattered altar of Ashenzari.
  1694 | D:3      | Found a stormy altar of Qazlal.
  1704 | D:3      | Found a blossoming altar of Fedhas.
  1720 | D:3      | Found a runed translucent door.
  1720 | D:3      | Noticed KristoblXynda's ghost (amateur TrWz)
  1958 | D:3      | Noticed Ijyb
  2015 | D:3      | Killed Ijyb
  2291 | D:3      | Noticed Natasha
  2299 | D:3      | Killed Natasha
  2299 | D:3      | Reached skill level 5 in Fire Magic
  2390 | D:3      | Found a glowing silver altar of Zin.
  2395 | D:3      | Noticed an angel
  2664 | D:3      | Learned a level 2 spell: Throw Flame
  2668 | D:3      | Learned a level 3 spell: Conjure Flame
  2673 | D:3      | Learned a level 4 spell: Sticky Flame
  3197 | D:4      | Reached skill level 6 in Spellcasting
  3205 | D:4      | Reached XP level 7. HP: 32/37 MP: 6/18
  3421 | D:4      | Found a basalt altar of Yredelemnul.
  3431 | D:4      | Found a sacrificial altar of Ru.
  3698 | D:4      | Reached skill level 7 in Spellcasting
  3730 | D:4      | Got a scorched dagger
  3731 | D:4      | Identified the +6 dagger of the Skies Above {flame, rPois
                  | Dex+5 SInv} (You found it on level 4 of the Dungeon)
  3997 | D:4      | Noticed Robin
  4160 | D:4      | Killed Robin
  4320 | D:5      | Entered Level 5 of the Dungeon
  4343 | D:5      | Reached skill level 5 in Conjurations
  4415 | D:5      | Learned a level 5 spell: Fireball
  4507 | D:5      | Reached XP level 8. HP: 42/42 MP: 12/21
  4805 | D:5      | Learned a level 2 spell: Blink
  4853 | D:5      | Reached skill level 8 in Spellcasting
  4957 | D:5      | You fall into a shaft and drop 2 floors!
  5086 | D:7      | Found a staircase to the Ecumenical Temple.
  5285 | D:7      | Found a flagged portal.
  5609 | Temple   | Entered the Ecumenical Temple
  5622 | Temple   | Became a worshipper of Vehumet
  5769 | D:5      | Reached skill level 9 in Spellcasting
  6040 | D:6      | Reached XP level 9. HP: 45/46 MP: 14/24
  6520 | D:7      | Reached skill level 1 in Fighting
  7069 | D:8      | Reached * piety under Vehumet
  7069 | D:8      | Offered knowledge of Freeze by Vehumet.
  7069 | D:8      | Reached skill level 10 in Spellcasting
  7079 | D:8      | Learned a level 4 spell: Throw Icicle
  7082 | D:8      | Noticed Maurice
  7094 | D:8      | Killed Maurice
  7206 | D:8      | Found Keod's Gadget Emporium.
  7577 | D:8      | Found a sparkling altar of Nemelex Xobeh.
  7707 | D:8      | Found a hazy altar of Hepliaklqana.
  7707 | D:8      | Noticed Psyche
  7744 | D:8      | Killed Psyche
  7744 | D:8      | Reached skill level 11 in Spellcasting
  7948 | D:8      | Noticed Harold
  7979 | D:8      | Killed Harold
  7979 | D:8      | Reached XP level 10. HP: 46/52 MP: 4/27
  8898 | D:10     | Entered Level 10 of the Dungeon
  9010 | D:10     | Reached skill level 12 in Spellcasting
  9186 | D:10     | Noticed an unseen horror
  9194 | D:10     | Killed an unseen horror
  9251 | D:10     | Reached skill level 5 in Stealth
  9309 | D:10     | Reached skill level 10 in Fire Magic
  9594 | D:10     | Reached ** piety under Vehumet
  9642 | D:10     | Offered knowledge of Shock by Vehumet.
  9684 | D:10     | Noticed an unseen horror
  9690 | D:10     | Killed an unseen horror
  9690 | D:10     | Reached skill level 13 in Spellcasting
  9814 | D:11     | Found a transporter.
  9820 | D:11     | Noticed a sphinx
  9820 | D:11     | Noticed a phantasmal warrior
  9863 | D:11     | Noticed a two-headed ogre
  9876 | D:11     | Reached XP level 11. HP: 56/56 MP: 21/30
  9879 | D:11     | Killed a two-headed ogre
  9916 | D:11     | Noticed a death knight
  9926 | D:11     | Reached skill level 1 in Ice Magic
 10042 | D:11     | Reached skill level 14 in Spellcasting
 10044 | D:11     | Noticed an unseen horror
 10051 | D:11     | Killed an unseen horror
 10051 | D:11     | Reached skill level 10 in Conjurations
 10118 | D:11     | Noticed a four-headed hydra
 10121 | D:11     | Killed a four-headed hydra
 10164 | D:11     | Got a crude jade ring
 10185 | D:11     | Found a staircase to the Lair.
 10189 | D:11     | Noticed a six-headed hydra
 10194 | D:11     | Killed a six-headed hydra
 10291 | D:11     | Found a transporter.
 10351 | D:11     | Offered knowledge of Ignite Poison by Vehumet.
 10470 | D:12     | Found a staircase to the Orcish Mines.
 10580 | D:12     | Noticed an unseen horror
 10588 | D:12     | Killed an unseen horror
 10807 | D:12     | Noticed a four-headed hydra
 10811 | D:12     | Killed a four-headed hydra
 10942 | D:12     | Reached *** piety under Vehumet
 10978 | D:12     | Found a portal to a secret trove of treasure.
 11067 | Lair:1   | Entered Level 1 of the Lair of Beasts
 11180 | Lair:1   | Reached skill level 15 in Spellcasting
 11180 | Lair:1   | Reached XP level 12. HP: 15/61 MP: 18/33
 12001 | Lair:1   | Offered knowledge of Olgreb's Toxic Radiance by Vehumet.
 12348 | Lair:2   | Found a gate leading to a gauntlet.
 12683 | Lair:2   | Noticed a four-headed hydra
 12686 | Lair:2   | Killed a four-headed hydra
 12867 | Lair:3   | Found a staircase to the Shoals.
 12871 | Lair:3   | Reached skill level 5 in Dodging
 13149 | Lair:3   | Found a hole to the Spider Nest.
 13269 | Lair:3   | Identified the ring "Reohealopo" {Fire +Inv Str+3} (You
                  | found it on level 11 of the Dungeon)
 13637 | Lair:3   | You fall into a shaft and drop 3 floors!
 13637 | Lair:6   | Entered Level 6 of the Lair of Beasts
 13687 | Lair:5   | Reached skill level 16 in Spellcasting
 14024 | Lair:4   | Reached **** piety under Vehumet
 14109 | Lair:4   | Noticed a seven-headed hydra
 14111 | Lair:4   | Killed a seven-headed hydra
 14546 | Lair:4   | Offered knowledge of Bolt of Magma by Vehumet.
 14556 | Lair:4   | Learned a level 5 spell: Bolt of Magma
 15693 | Lair:5   | Reached XP level 13. HP: 66/66 MP: 27/35
 15793 | Lair:5   | You fall into a shaft and drop 1 floor!
 16380 | Lair:5   | Reached skill level 1 in Earth Magic
 16381 | Lair:5   | Noticed Rupert
 16385 | Lair:5   | Killed Rupert
 16576 | Lair:5   | Reached skill level 17 in Spellcasting
 16991 | Lair:6   | Reached ***** piety under Vehumet
 17081 | Lair:6   | Offered knowledge of Orb of Destruction by Vehumet.
 17295 | Lair:6   | Found a viscous altar of Jiyva.
 17296 | Lair:6   | Found a staircase to the Slime Pits.
 17583 | Lair:6   | Reached XP level 14. HP: 72/72 MP: 30/37
 18280 | Orc:1    | Entered Level 1 of the Orcish Mines
 18336 | Orc:1    | Reached skill level 18 in Spellcasting
 18497 | Orc:2    | Entered Level 2 of the Orcish Mines
 18638 | Orc:2    | Found a staircase to the Elven Halls.
 18791 | Orc:1    | Found a burning altar of Makhleb.
 18929 | Orc:1    | Found a frozen archway.
 19200 | Orc:2    | Offered knowledge of Bolt of Draining by Vehumet.
 19412 | Orc:2    | Found a roughly hewn altar of Beogh.
 19461 | Orc:2    | Found Kaoxussi's Weapon Boutique.
 19576 | Orc:2    | Found a roughly hewn altar of Beogh.
 19676 | Orc:2    | Found a roughly hewn altar of Beogh.
 19708 | Orc:2    | Noticed an orc warlord
 19856 | Orc:2    | Killed an orc warlord
 20174 | Orc:2    | Found Lij Kosh's Antique Weapon Shop.
 20175 | Orc:2    | Found a roughly hewn altar of Beogh.
 20176 | Orc:2    | Found Zeobb's Antique Armour Boutique.
 20286 | Orc:2    | Found a roughly hewn altar of Beogh.
 20291 | Orc:2    | Found Paufedo's Food Shoppe.
 21418 | D:12     | Noticed Sonja
 21421 | D:12     | Killed Sonja
 21645 | D:12     | Reached skill level 5 in Earth Magic
 21972 | D:12     | Found Imudwa's Serpentskin Sales.
 21978 | D:12     | Bought the ring of Brilliance {+Inv rElec rPois Int+5
                  | Dex-3} for 587 gold pieces
 23000 | D:13     | Found a shimmering altar of Xom.
 23001 | D:13     | Found a stormy altar of Qazlal.
 23001 | D:13     | Found a sacrificial altar of Ru.
 23001 | D:13     | Found a hazy altar of Hepliaklqana.
 23256 | D:13     | Got a shadowed robe
 23276 | D:13     | Identified the +0 robe "Nelul" {Regen+ Stlth+} (You found
                  | it on level 13 of the Dungeon)
 23975 | D:14     | Reached skill level 15 in Fire Magic
 23980 | D:14     | Reached skill level 19 in Spellcasting
 24159 | D:14     | Reached XP level 15. HP: 76/76 MP: 22/40
 24196 | D:14     | Found a gate to the Vaults.
 24254 | D:14     | Found Jublet's Antique Armour Emporium.
 24279 | D:14     | Bought a pair of embroidered boots for 187 gold pieces
 24284 | D:14     | Identified a +0 pair of boots of running (You bought it in
                  | a shop on level 14 of the Dungeon)
 24518 | D:15     | Entered Level 15 of the Dungeon
 24540 | D:15     | Reached ****** piety under Vehumet
 24661 | D:15     | Offered knowledge of Yara's Violent Unravelling by Vehumet.
 24880 | D:15     | Found a staircase to the Depths.
 24882 | D:15     | Reached skill level 15 in Conjurations
 25256 | D:15     | Noticed Nessos
 25258 | D:15     | Killed Nessos
 25283 | D:15     | HP: 2/76 [mirror damage (24)]
 25972 | Shoals:1 | Entered Level 1 of the Shoals
 25972 | Shoals:1 | Found Zutiowk's Book Shoppe.
 25977 | Shoals:1 | Bought a book of Fire for 650 gold pieces
 25986 | Shoals:1 | Learned a level 8 spell: Ignition
 25993 | Shoals:1 | Learned a level 6 spell: Bolt of Fire
 26050 | Shoals:1 | Found Carreoti's Armour Shoppe.
 26140 | Shoals:1 | Found Coofen's Armour Boutique.
 26477 | Shoals:1 | Found Fittin's Magic Scroll Boutique.
 26790 | Shoals:2 | Offered knowledge of Iron Shot by Vehumet.
 26801 | Shoals:2 | Learned a level 6 spell: Iron Shot
 26844 | Shoals:2 | HP: 3/76 [sea snake (11)]
 27413 | Shoals:3 | Reached skill level 20 in Spellcasting
 27757 | Shoals:3 | Reached XP level 16. HP: 59/81 MP: 31/42
 28209 | Shoals:3 | Offered knowledge of Poison Arrow by Vehumet.
 28902 | Shoals:4 | Entered Level 4 of the Shoals
 29107 | Shoals:4 | Reached skill level 21 in Spellcasting
 29128 | Shoals:4 | HP: 1/82 [merfolk impaler/+5 demon trident of venom (27)]
 29129 | Shoals:3 | Succumbed to a merfolk impaler's poison

Levels and vault maps discovered:
D:1:      dpeg_arrival_oval, layout_rooms
D:2:      layout_basic, minitemple, cheibriados_altar_1, first_ration,
          uniq_sigmund
D:3:      layout_basic, grunt_temple_overflow_forces_of_nature, zin_angel,
          hellmonk_ghost_happy_afterlife, uniq_ijyb, uniq_natasha
D:4:      kennysheep_goblin_castle, layout_basic,
          amethyst_overflow_temple_binary, minmay_gold_behind_fungi
D:5:      layout_rooms
D:6:      layout_rooms, item_on_display_a
D:7:      layout_basic, temple_fountains, enter_bailey_6
D:8:      cheibrodos_quashed, layout_loops_corners, marbit_many_paths,
          serial_shops, nicolae_shop_behind_doors, basic_altar, uniq_maurice,
          uniq_harold, uniq_psyche
D:9:      layout_basic
D:10:     layout_stronghold
D:11:     gammafunk_sealed_arena, layout_loops_ring, due_lair_maze_entry_diamond
D:12:     layout_gridville, orc_0_dummy, enter_trove_3, guppyfry_shop_venom,
          uniq_sonja
D:13:     minmay_the_grid_octo_2x2 [minmay_the_grid_octo_empty,
          minmay_the_grid_octo_focus, minmay_the_grid_octo_shrine,
          minmay_the_grid_octo_prize_star], layout_layer_cave
D:14:     layout_rooms, ximxim_vaults_locker_room, serial_shops, shop,
          chequers_jeans, hangedman_pestilent_swarm
D:15:     grunt_enter_depths_magical_seal, layout_loops_ring, serial_rivers,
          chequers_serial_rivers_micro_d, chequers_serial_rivers_micro_c,
          chequers_serial_rivers_room_a, chequers_serial_rivers_room_b,
          chequers_serial_rivers_small_a, chequers_serial_rivers_micro_d,
          minmay_crystal_room, minmay_fractal_squares_gapless_7, uniq_nessos
Temple:   cyrus_circular_temple
Lair:1:   layout_regular_city, st_stairs_13, grunt_forest_small_clearings
Lair:2:   layout_misc_corridors, gauntlet_entry_generic,
          infiniplex_staircase_pool
Lair:3:   layout_cave_pods, minmay_shoals_entry_hut, spider_nest_entry_webs,
          serial_bayou_shore_b
Lair:4:   layout_roguey
Lair:5:   layout_roguey, uniq_rupert
Lair:6:   gammafunk_lair_ancient_temple, layout_cave_shapes, slime_altar_1,
          serial_bayou_shore_b
Shoals:1: layout_shoals, serial_shops, shop, shop, shop, shop_statue
Shoals:2: layout_shoals, nicolae_shoals_this_corrosion
Shoals:3: layout_shoals
Shoals:4: shoals_end_hangedman, layout_shoals
Orc:1:    layout_caves, portal_ice_cave_entry_pillars_1, bloody_makhleb
Orc:2:    grunt_orc_community_town_hall, layout_diamond_mine,
          grunt_orc_community_big_house_1, grunt_orc_community_big_house_2,
          grunt_orc_community_house_3, grunt_orc_community_house_3,
          grunt_orc_community_house_2, grunt_orc_community_house_2,
          grunt_orc_community_house_2, grunt_orc_community_house_2

Skill      XL: |  1  2  3  4  5  6  7  8  9 10 11 12 13 14 15 16 |
---------------+-------------------------------------------------+-----
Conjurations   | 2 3 4 5 7 8 9 11 12 13 14 15 | 15.9
Fire Magic     | 4 5 7 8 10 11 13 14 15 16 | 16.6
Spellcasting   | 5 6 7 9 11 13 15 16 17 19 20 21 | 21.1
Stealth        | 3 4 5 6 |  6.5
Dodging        | 3 4 5 6 |  6.4
Fighting       | 1 2 |  2.8
Ice Magic      | 1 |  1.9
Earth Magic    | 3 6 8 |  8.7
Translocations | |  0.1

Action                   |  1- 3 |  4- 6 |  7- 9 | 10-12 | 13-15 | 16-18 || total
-------------------------+-------+-------+-------+-------+-------+-------++-------
Melee: Unarmed           |       |     3 |       |       |       |       ||     3
       Dagger            |       |       |     4 |     1 |       |       ||     5
 Cast: Flame Tongue      |    43 |   118 |   257 |   314 |   149 |       ||   881
       Sticky Flame      |       |       |    32 |    77 |    48 |     2 ||   159
       Throw Flame       |       |       |     1 |     9 |     5 |       ||    15
       Fireball          |       |       |     3 |    44 |   132 |    32 ||   211
       Throw Icicle      |       |       |       |    10 |     6 |       ||    16
       Conjure Flame     |       |       |       |     5 |       |       ||     5
       Bolt of Magma     |       |       |       |     4 |   247 |    11 ||   262
       Bolt of Fire      |       |       |       |       |    17 |     7 ||    24
       Ignition          |       |       |       |       |     6 |     8 ||    14
       Blink             |       |       |       |       |     3 |       ||     3
Evoke: Wand              |       |       |     2 |       |       |       ||     2
  Use: Scroll            |       |       |    13 |     4 |    16 |       ||    33
       Potion            |       |       |       |     2 |       |       ||     2
  Eat: Chunk             |       |     7 |    15 |    19 |    31 |     2 ||    74
       Ration            |       |       |       |     3 |     1 |     1 ||     5
Armor: Robe              |     4 |     8 |    30 |    33 |    24 |     2 ||   101
Dodge: Dodged            |    10 |    26 |    83 |    97 |   125 |    17 ||   358

Table legend:
 A = Non-vault XP
 B = Vault XP
 C = Vault XP percentage of total XP
 D = Non-vault monster count
 E = Vault monster count
 F = Vault count percentage of total count
                 A         B        C        D         E       F
            +---------+---------+-------+---------+---------+-------
      Total |  135444 |   44689 |  24.8 |     633 |     195 |  23.6
            +---------+---------+-------+---------+---------+-------
        D:1 |      33 |       0 |   0.0 |      17 |       0 |   0.0
        D:2 |     163 |     223 |  57.8 |      25 |       1 |   3.8
        D:3 |      78 |      69 |  46.9 |      21 |       2 |   8.7
        D:4 |     510 |      48 |   8.6 |      21 |      20 |  48.8
        D:5 |     731 |       0 |   0.0 |      30 |       0 |   0.0
        D:6 |     570 |       0 |   0.0 |      20 |       0 |   0.0
        D:7 |     950 |       0 |   0.0 |      21 |       0 |   0.0
        D:8 |     448 |    2054 |  82.1 |      12 |       4 |  25.0
        D:9 |     518 |       0 |   0.0 |      10 |       0 |   0.0
       D:10 |    4140 |       0 |   0.0 |      32 |       0 |   0.0
       D:11 |    5340 |    1298 |  19.6 |      19 |       9 |  32.1
       D:12 |    8232 |     966 |  10.5 |      28 |       3 |   9.7
       D:13 |    2157 |    5715 |  72.6 |      12 |      16 |  57.1
       D:14 |    9260 |    4541 |  32.9 |      32 |      16 |  33.3
       D:15 |   16632 |    8208 |  33.0 |      49 |      14 |  22.2
     Lair:1 |    3643 |     223 |   5.8 |      17 |       1 |   5.6
     Lair:2 |    2913 |       0 |   0.0 |      10 |       0 |   0.0
     Lair:3 |    3532 |     458 |  11.5 |      15 |       2 |  11.8
     Lair:4 |    3647 |       0 |   0.0 |      12 |       0 |   0.0
     Lair:5 |    5657 |    3121 |  35.6 |      21 |       2 |   8.7
     Lair:6 |   15061 |    8461 |  36.0 |      42 |      22 |  34.4
   Shoals:1 |    3637 |       0 |   0.0 |       9 |       0 |   0.0
   Shoals:2 |   13120 |       0 |   0.0 |      26 |       0 |   0.0
   Shoals:3 |   21730 |       0 |   0.0 |      45 |       0 |   0.0
   Shoals:4 |    7481 |    3718 |  33.2 |      17 |       6 |  26.1
      Orc:1 |    3075 |       0 |   0.0 |      28 |       0 |   0.0
      Orc:2 |    2186 |    5586 |  71.9 |      42 |      77 |  64.7
            +---------+---------+-------+---------+---------+-------
